 Dungeon Crawl Stone Soup version 0.28-a0-662-g1651b1f1e0 (webtiles) character file.

Game seed: 14688123444534538317

982 bande the Chopper (level 8, 0/49 HPs)
             Began as a Gargoyle Fighter on Oct 14, 2021.
             Slain by Pikel (5 damage)
             ... on level 4 of the Dungeon.
             The game lasted 00:07:52 (4904 turns).

bande the Chopper (Gargoyle Fighter)                Turns: 4904, Time: 00:07:53

Health: 0/49       AC: 19    Str: 20    XL:     8   Next: 17%
Magic:  8/8        EV:  7    Int: 10    God:
Gold:   155        SH:  4    Dex: 10    Spells: 7/7 levels left

rFire   . . .      SeeInvis .   a - +1 war axe (freeze)
rCold   . . .      Faith    .   c - +0 buckler
rNeg    + . .      Spirit   .   n - +0 chain mail
rPois   ∞          Reflect  .   (no helmet)
rElec   +          Harm     .   o - scarf {+Inv}
rCorr   .          Rampage  .   p - +0 pair of gloves
Will    .....                   q - +1 pair of boots
Stlth   ..........              (no amulet)
HPRegen 0.16/turn               (no ring)
MPRegen 0.11/turn               (no ring)

@: mighty
A: sickness immunity, AC +5, negative energy resistance 1, electricity
resistance, torment resistance 1, petrification resistance
a: Evoke Invisibility


You were on level 4 of the Dungeon.
You visited 2 branches of the dungeon, and saw 6 of its levels.

You collected 155 gold pieces.

Inventory:

Hand Weapons
 a - a +1 war axe of freezing (weapon)
Armour
 c - a +0 buckler (worn)
 f - a +0 cloak
 g - a +0 kite shield
 n - a +0 chain mail (worn)
 o - a scarf of invisibility (worn)
 p - a +0 pair of gloves (worn)
 q - a +1 pair of boots (worn)
Jewellery
 m - a ring of wizardry
Wands
 k - a wand of digging (1)
 t - a wand of paralysis (12)
Scrolls
 e - a scroll of magic mapping
 h - a scroll of teleportation
 l - a scroll of identify
Potions
 b - a potion of brilliance
 d - a potion of might
 j - a potion of lignification
 r - 2 potions of cancellation


   Skills:
 + Level 5.1 Fighting
 + Level 6.0 Axes
 + Level 5.3 Armour
 + Level 4.3 Shields
 * Level 2.4 Evocations


You had 7 spell levels left.
You didn't know any spells.
Your spell library contained the following spells:

 Spells                   Type           Power      Damage    Failure   Level
 Wereblood                Tmut           0%         N/A       99%         2
 Ignite Poison            Fire/Tmut/Pois 0%         N/A       100%        3
 Mephitic Cloud           Conj/Pois/Air  0%         N/A       100%        3
 Freezing Cloud           Conj/Ice/Air   0%         6-21      100%        5
 Summon Hydra             Summ           0%         N/A       100%        7
 Sublimation of Blood     Necr           Unusable   N/A       N/A         2

Dungeon Overview and Level Annotations

Branches:
Dungeon (5/15)             Temple (1/1) D:4

Altars:
Ashenzari
Cheibriados
Dithmenos
Fedhas
Gozag
Hepliaklqana
Kikubaaqudgha
Makhleb
Qazlal
Ru
Sif Muna
Uskayaw
Vehumet
Wu Jian
Xom
Yredelemnul
Zin
The Shining One

Annotations:
D:3 2 transporters, SkeletonJelly's ghost, amateur DrMo
D:4 Pikel
D:5 Prince Ribbit


Innate Abilities, Weirdness & Mutations

You are immune to sickness and miasma.
Your stone body is resilient. (AC +5)
You are immune to poison.
You resist negative energy. (rN+)
You are resistant to electric shocks. (rElec)
You are resistant to unholy torment.
You are immune to petrification.


Message History

* * * LOW HITPOINT WARNING * * *
Pikel freezes you.
* * * LOW HITPOINT WARNING * * *
The lemure hits you but does no damage. You block the lemure's attack.
Your Axes skill increases to level 6!
You closely miss Pikel. You closely miss the lemure.
You barely miss the lemure. You hit the lemure. You freeze the lemure.
The lemure hits you but does no damage.
Pikel hits you with a +0 whip of freezing.
* * * LOW HITPOINT WARNING * * *
Pikel freezes you.
* * * LOW HITPOINT WARNING * * *
The lemure hits you but does no damage. The lemure hits you.
* * * LOW HITPOINT WARNING * * *
The lemure hits you but does no damage.
You hit Pikel. You freeze Pikel.
Pikel is lightly wounded.
You hit the lemure but do no damage. x2; You closely miss the lemure.
You block Pikel's attack. The lemure hits you but does no damage.
The lemure barely misses you. You block the lemure's attack.
Pikel hits you but does no damage.
Unknown command.
You feel much better. The lemure barely misses you.
The lemure hits you but does no damage. x2; You block Pikel's attack.
You feel very mighty all of a sudden. You block the lemure's attack.
The lemure barely misses you. The lemure hits you but does no damage.
Pikel hits you with a +0 whip of freezing.
Pikel freezes you.
Unknown command.
You hit Pikel.
Pikel is moderately wounded.
You slash the lemure! You freeze the lemure. You hit the lemure.
You freeze the lemure. You slash the lemure! You freeze the lemure.
The lemure hits you!
* * * LOW HITPOINT WARNING * * *
The lemure completely misses you. The lemure hits you.
* * * LOW HITPOINT WARNING * * *
Pikel hits you with a +0 whip of freezing.
You die...

#.# #.#..#.... #.#
#.####.### ##.##
##.######
###...#####...#.# #
#...#.......#..## ##
#.#...#####...#.# #.
#.##.##...##.##.## #.
#.#.5......#..#..####
#..K@5...###..#......
###†5##..##.........#
#####.............#
#...#.........#
##..##....##..#
#####....#####
#.....# # #.....# #
###..##


You could see Pikel and 3 lemures.

Vanquished Creatures
  A sky beast (D:5)
  An ice beast (D:4)
  A black bear (D:5)
  A necrophage (D:4)
  An ogre (D:5)
  A phantom (D:4)
  2 scorpions
  A bullfrog skeleton (D:5)
  A hound (D:5)
  2 iguanas (D:4)
  Ijyb (D:3)
  Natasha (thrice) (D:3)
  A hound skeleton (D:5)
  4 adders
  A gnoll (D:3)
  An adder skeleton (D:4)
  4 dart slugs
  5 ball pythons
  2 bats
  10 endoplasms
  3 giant cockroaches
  4 goblins
  9 hobgoblins
  2 jackals (D:2)
  4 quokkas
  3 frilled lizards
  5 kobolds
  5 rats
79 creatures vanquished.

Notes
Turn   | Place    | Note
-------+----------+-------------------------------------------
     0 | D:1      | bande the Gargoyle Fighter began the quest for the Orb.
     0 | D:1      | Reached XP level 1. HP: 14/14 MP: 1/1
   225 | D:1      | You fall into a shaft and drop 1 floor!
   256 | D:2      | Reached XP level 2. HP: 18/19 MP: 2/2
   963 | D:1      | Reached skill level 2 in Axes
   963 | D:1      | Reached XP level 3. HP: 22/24 MP: 3/3
  1918 | D:2      | Found a faded altar of an unknown god.
  2123 | D:2      | Reached XP level 4. HP: 23/29 MP: 4/4
  2236 | D:3      | Noticed SkeletonJelly's ghost (amateur DrMo)
  2237 | D:3      | Found a transporter.
  2252 | D:3      | Noticed Ijyb
  2273 | D:3      | Killed Ijyb
  2370 | D:3      | Noticed Natasha
  2378 | D:3      | HP: 1/29 [crimson imp[Natasha] (2)]
  2381 | D:3      | Killed Natasha
  2382 | D:3      | Reached skill level 3 in Axes
  2382 | D:3      | Reached XP level 5. HP: 25/33 MP: 5/5
  2617 | D:3      | Found a transporter.
  2706 | D:3      | Found a blossoming altar of Fedhas.
  2706 | D:3      | Found a hide-covered altar of Uskayaw.
  2793 | D:3      | Noticed Natasha
  2804 | D:3      | Killed Natasha
  2827 | D:3      | Noticed Natasha
  2836 | D:3      | Killed Natasha
  3429 | D:4      | Noticed a necrophage
  3439 | D:4      | Killed a necrophage
  3440 | D:4      | Reached skill level 4 in Axes
  3440 | D:4      | Reached XP level 6. HP: 33/39 MP: 6/6
  3516 | D:3      | Found a sacrificial altar of Ru.
  3516 | D:3      | Found an opulent altar of Gozag.
  3516 | D:3      | Found a hazy altar of Hepliaklqana.
  3832 | D:4      | Found a staircase to the Ecumenical Temple.
  3841 | Temple   | Entered the Ecumenical Temple
  4197 | D:5      | Entered Level 5 of the Dungeon
  4206 | D:5      | Noticed a black bear
  4218 | D:5      | Killed a black bear
  4219 | D:5      | Reached skill level 1 in Evocations
  4219 | D:5      | Reached XP level 7. HP: 23/44 MP: 7/7
  4538 | D:5      | Found a broken altar of Ashenzari.
  4612 | D:5      | Noticed Prince Ribbit
  4614 | D:5      | Reached skill level 5 in Axes
  4614 | D:5      | Reached skill level 5 in Armour
  4625 | D:5      | Noticed Pikel
  4777 | D:4      | Reached skill level 5 in Fighting
  4777 | D:4      | Reached XP level 8. HP: 31/49 MP: 8/8
  4900 | D:4      | Reached skill level 6 in Axes
  4904 | D:4      | Slain by Pikel

Illustrated notes

Levels and vault maps discovered:
D:1:      erik_arrival_cave_to_civilisation [erik_arrival_cave_to_hall],
          layout_loops_corners
D:2:      layout_loops_ring, basic_ecumenical_altar, grunt_ministairs_8,
          minivault_26
D:3:      layout_loops_ring, nicolae_overflow_hidden_temple,
          gammafunk_ghost_arena, minmay_pentangle, uniq_ijyb, uniq_natasha
D:4:      layout_cave_pools, minmay_temple_entry_overgrown,
          minmay_misc_feat_secret_circle, minmay_misc_feat_tower
D:5:      layout_cave_pools, kennysheep_mini, lemuel_round_altar,
          elyvilon_altar_1, uniq_pikel, uniq_prince_ribbit1
Temple:   nicolae_temple_hex_pool

Skill      XL: |  1  2  3  4  5  6  7  8 |
---------------+-------------------------+-----
Axes           | 2 3 4 5 6 |  6.0
Fighting       | 4 5 |  5.1
Armour         | 4 5 |  5.3
Shields        | 4 |  4.3
Evocations     | 1 2 |  2.4

Action                   |  1- 3 |  4- 6 |  7- 9 || total
-------------------------+-------+-------+-------++-------
Melee: War axe           |   114 |   118 |    52 ||   284
  Use: Scroll            |     3 |     7 |     3 ||    13
       Potion            |       |     1 |     3 ||     4
Armor: Scale mail        |    66 |    25 |       ||    91
       Chain mail        |       |    50 |    84 ||   134
Dodge: Dodged            |    48 |    39 |    38 ||   125
Block: Buckler           |    21 |    22 |    20 ||    63

Table legend: (Time is in decaauts)
 A = Elapsed time spent in this place.
 B = Non-inter-level travel time spent in this place.
 C = Inter-level travel time spent in this place.
 D = Time resting spent in this place.
 E = Time spent auto-exploring this place.
 F = Levels seen in this place.
 G = Mean time per level.
                   A        B        C        D        E       F      G
               +--------+--------+--------+--------+--------+-----+--------+
         Total |   5004 |   4894 |    110 |    638 |   3204 |   6 |  834.0 |
       Dungeon |   4925 |   4815 |    110 |    638 |   3143 |   5 |  985.0 |
        Temple |     78 |     78 |      0 |      0 |     61 |   1 |   78.0 |
               +--------+--------+--------+--------+--------+-----+--------+

Top non-repeatable levels by time:
     D:1: 1401 daAuts
     D:3: 1304 daAuts
     D:4: 887 daAuts
     D:2: 875 daAuts
     D:5: 456 daAuts
  Temple: 78 daAuts
